 Dungeon Crawl Stone Soup version 0.24.0-37-gcf1ca852f1 (webtiles) character file.

Game seed: 4525722248120473727, levelgen mode: deterministic

3597 grindst0ne the Slicer (level 10, -9/70 HPs)
             Began as a Kobold Berserker on Dec 1, 2019.
             Was a Priest of Trog.
             Mangled by an ogre
             ... wielding a +0 giant spiked club
              (30 damage)
             ... on level 9 of the Dungeon.
             The game lasted 00:13:00 (8032 turns).

grindst0ne the Slicer (Kobold Berserker)            Turns: 8032, Time: 00:13:00

Health: -9/70      AC:  9    Str: 18    XL:     10   Next: 31%
Magic:  10/10      EV: 20    Int:  9    God:    Trog [***...]
Gold:   461        SH:  0    Dex: 14    Spells: 9/9 levels left

rFire    . . .     SeeInvis .   p - +0 spear (venom)
rCold    . . .     Gourm    .   (shield restricted)
rNeg     . . .     Faith    .   b - +0 scale mail {rPois}
rPois    +         Spirit   .   s - +0 helmet
rElec    .         Reflect  .   (no cloak)
rCorr    .         Harm     .   i - +0 pair of gloves
MR       .....                  J - +0 pair of boots
Stlth    ..........             F - amulet of the acrobat
HPRegen  0.21/turn              v - +3 ring of evasion
MPRegen  0.12/turn              O - +4 ring of evasion

@: lethally poisoned (-9 -> -12), berserk cooldown, hasted and slowed
A: small, carnivore
a: Berserk, Trog's Hand, Renounce Religion


You were on level 9 of the Dungeon.
You worshipped Trog.
Trog was most pleased with you.
You were hungry.

You visited 1 branch of the dungeon, and saw 9 of its levels.

You collected 461 gold pieces.

Inventory:

Hand Weapons
 p - a +0 spear of venom (weapon)
 u - a +0 dagger
Missiles
 j - a throwing net (quivered)
Armour
 b - a +0 scale mail of poison resistance (worn)
 i - a +0 pair of gloves (worn)
 s - a +0 helmet (worn)
 J - a +0 pair of boots (worn)
Jewellery
 g - an uncursed ring of flight
 v - a +3 ring of evasion (left hand)
 x - an uncursed ring of wizardry
 F - an amulet of the acrobat (around neck)
 G - a +2 ring of protection
 O - a +4 ring of evasion (right hand)
Wands
 k - a wand of flame (36)
 A - a wand of random effects (13)
 B - a wand of enslavement (7)
 E - a wand of iceblast (11)
Scrolls
 e - 2 scrolls of immolation {unknown}
 f - 2 scrolls of blinking
 n - 3 scrolls of enchant armour
 o - 4 scrolls of teleportation
 q - 2 scrolls of enchant weapon
 r - a scroll of noise {unknown}
 t - a scroll of random uselessness {unknown}
 y - 3 scrolls of magic mapping {unknown}
 z - 3 scrolls of fog {unknown}
 D - 3 scrolls of remove curse
 K - a scroll of fear {unknown}
Potions
 a - 2 potions of flight
 d - 3 potions of agility
 h - 2 potions of mutation
 m - a potion of might {unknown}
 w - a potion of brilliance
 C - 2 potions of degeneration {unknown}
 H - a potion of curing {unknown}
 I - a potion of heal wounds {unknown}
 M - a potion of invisibility {unknown}
 N - a potion of cancellation {unknown}
 P - a potion of magic {unknown}
Comestibles
 c - 12 rations


   Skills:
 + Level 11.3 Fighting
 + Level 13.1 Short Blades
 - Level 1.5 Armour
 - Level 2.4 Dodging


You had 9 spell levels left.
You didn't know any spells.
Your spell library was empty.

Dungeon Overview and Level Annotations

Branches:
Dungeon (9/15)             Temple (0/1) D:5
   Lair: D:8-11         Orc: D:9-12

Altars:
Ashenzari
Dithmenos
Fedhas
Nemelex Xobeh
Vehumet

Annotations:
D:6 1 runed translucent door


Innate Abilities, Weirdness & Mutations

You are small and have problems with some larger weapons.
You are carnivorous and can eat meat at any time.


Message History

You hit the ogre.
The ogre looks even sicker.
The ogre is heavily wounded.
You feel sick. The killer bee barely misses you.
The killer bee completely misses you. The killer bee closely misses you.
The ogre struggles against the net.
The net rips apart, and the ogre comes free!
An ogre comes into view. It is wielding a +0 giant club.
The killer bee stings you but does no damage.
You barely miss the ogre.
The ogre is severely wounded.
You feel sick. The killer bee misses you. x2
The killer bee barely misses you. The ogre barely misses you.
The killer bee misses you.
Unknown command.
You hit the ogre.
The ogre looks as sick as possible!
The ogre is severely wounded.
The killer bee completely misses you. x2; The killer bee stings you. x2
* * * LOW HITPOINT WARNING * * *
The ogre hits you with a +0 giant spiked club!!
You die...

#.# ##lg# .. ##
###.###..# . ..
...##..#..# #. #.
##.##.##### # ##..#O
##.....# # # ...#.
#....)## #.### #. ...$y
##...## #....
#.##.##y### ##[## ####
#.....hy@.# #.# #
.....###O# #.# .....#
#.# ##'## .
#.###.###...##
#.(...##.....## ##
#.##.###.......## ##.
#.. #.##...>.....####..
#.......+.........+.....
##...#.##.........####..


You could see a black bear, 2 ogres and 3 killer bees.

Vanquished Creatures
  A troll (D:9)
  A hippogriff (D:8)
  A hungry ghost (D:9)
  A warg (D:9)
  Duvessa (D:6)
  A water moccasin (D:6)
  An ice beast (D:5)
  A sky beast (D:7)
  An orc warrior (D:9)
  2 ogres
  A phantom (D:8)
  3 centaurs (D:8)
  5 bullfrogs
  Dowan (D:6)
  A wyvern skeleton (D:6)
  5 scorpions
  4 killer bees
  7 wights
  A howler monkey (D:6)
  A crimson imp (D:8)
  4 orc priests
  A bullfrog skeleton (D:6)
  3 hounds
  2 orc wizards (D:4)
  Jessica (D:2)
  9 worker ants
  2 iguanas
  8 adders
  2 oozes
  A worm (D:5)
  3 dart slugs
  3 leopard geckos
  20 orcs
  6 bats
  9 giant cockroaches
  8 goblins
  4 hobgoblins
  2 quokkas
  2 ball pythons
  7 frilled lizards
  6 kobolds
  A leopard gecko skeleton (D:7)
  6 rats
150 creatures vanquished.

Vanquished Creatures (others)
  A troll (D:9)
  A big kobold (D:9)
  An electric eel (D:9)
  A hound (D:9)
  A worker ant (D:9)
  An orc (D:9)
  5 kobolds (D:9)
11 creatures vanquished.

Grand Total: 161 creatures vanquished

Notes
Turn   | Place    | Note
-------+----------+-------------------------------------------
     0 | D:1      | grindst0ne the Kobold Berserker began the quest for the
                  | Orb.
     0 | D:1      | Reached XP level 1. HP: 14/14 MP: 1/1
   112 | D:1      | Reached XP level 2. HP: 19/19 MP: 2/2
   707 | D:2      | Reached XP level 3. HP: 24/24 MP: 3/3
   911 | D:2      | Noticed Jessica
   917 | D:2      | Killed Jessica
   917 | D:2      | Reached skill level 5 in Short Blades
   917 | D:2      | Reached XP level 4. HP: 29/29 MP: 4/4
  1308 | D:2      | Reached ** piety under Trog
  1613 | D:3      | Reached XP level 5. HP: 29/34 MP: 5/5
  1853 | D:3      | Reached skill level 6 in Short Blades
  1899 | D:3      | Reached skill level 5 in Fighting
  2449 | D:4      | Reached XP level 6. HP: 34/40 MP: 6/6
  2979 | D:4      | Reached skill level 7 in Short Blades
  3109 | D:4      | Found a radiant altar of Vehumet.
  3189 | D:4      | Reached XP level 7. HP: 38/46 MP: 7/7
  3303 | D:4      | Found a shattered altar of Ashenzari.
  3360 | D:4      | Reached skill level 8 in Short Blades
  3456 | D:4      | You fall into a shaft and drop 3 floors!
  3561 | D:5      | Entered Level 5 of the Dungeon
  3930 | D:5      | Found a shadowy altar of Dithmenos.
  4107 | D:5      | Reached XP level 8. HP: 45/53 MP: 8/8
  4157 | D:5      | Found a sparkling altar of Nemelex Xobeh.
  4380 | D:5      | Reached skill level 9 in Short Blades
  4700 | D:5      | Found a staircase to the Ecumenical Temple.
  4945 | D:6      | Noticed Duvessa
  4945 | D:6      | Noticed Dowan
  4961 | D:6      | Killed Duvessa
  4967 | D:6      | Killed Dowan
  5190 | D:6      | Found a runed translucent door.
  5197 | D:6      | Reached *** piety under Trog
  5205 | D:6      | Found a runed translucent door.
  5295 | D:6      | Reached skill level 10 in Short Blades
  5322 | D:6      | Reached XP level 9. HP: 60/60 MP: 9/9
  5446 | D:6      | Reached skill level 11 in Short Blades
  6339 | D:7      | Found a sparkling altar of Nemelex Xobeh.
  6427 | D:7      | Found a blossoming altar of Fedhas.
  6560 | D:8      | Noticed a hippogriff
  6569 | D:8      | Killed a hippogriff
  6650 | D:8      | Reached skill level 10 in Fighting
  7006 | D:8      | Reached skill level 12 in Short Blades
  7167 | D:8      | Reached XP level 10. HP: 68/68 MP: 10/10
  7945 | D:9      | Reached skill level 13 in Short Blades
  8032 | D:9      | Mangled by an ogre

Levels and vault maps discovered:
D:1:      roderic_octagonal_star, layout_loops_ring
D:2:      layout_basic, uniq_jessica
D:3:      layout_basic, first_ration
D:4:      layout_loops_ring, nicolae_ashenzari_panopticon, lemuel_crystal_altar,
          grunt_ministairs_11
D:5:      layout_loops_corners, grunt_dithmenos_smoke,
          minmay_temple_entry_overgrown, minmay_misc_feat_five,
          nemelex_dance_club_becter
D:6:      lemuel_insect_pit, layout_basic, uniq_duvessa
D:7:      layout_gridville, nemelex_xobeh_ov_fountains_minmay, fedhas_altar_3
D:8:      layout_loops_ring, grunt_pizzeria, dk_noncrumbling_2
D:9:      layout_loops_corners, trog_ov_bears_minmay,
          grunt_temple_overflow_open, xom_confusion_cloud, erik_orc_3,
          kennysheep_pointless_box

Skill      XL: |  1  2  3  4  5  6  7  8  9 10 |
---------------+-------------------------------+-----
Fighting       | 4 5 6 7 8 10 11 | 11.3
Short Blades   | 5 6 7 8 10 12 13 | 13.1
Armour         | |  1.5
Dodging        | |  2.4

Action                   |  1- 3 |  4- 6 |  7- 9 | 10-12 || total
-------------------------+-------+-------+-------+-------++-------
Melee: Short sword       |    54 |    56 |       |       ||   110
       Spear             |       |   103 |   370 |    78 ||   551
Throw: Throwing net      |       |       |       |     2 ||     2
Invok: Berserk           |     1 |     3 |    13 |     4 ||    21
  Use: Scroll            |       |     9 |     1 |     1 ||    11
       Potion            |       |       |       |     3 ||     3
 Stab: Sleeping          |     3 |     2 |     1 |       ||     6
       Held in net/web   |       |       |       |     1 ||     1
  Eat: Chunk             |     8 |    11 |    25 |     3 ||    47
       Ration            |       |       |       |     2 ||     2
Armor: Animal skin       |     5 |    10 |       |       ||    15
       Leather armour    |       |     4 |       |       ||     4
       Ring mail         |       |     7 |    32 |       ||    39
       Scale mail        |       |       |    81 |    35 ||   116
Dodge: Dodged            |    37 |    99 |   317 |    99 ||   552
